 Dungeon Crawl Stone Soup version 0.19-a0-1254-gb9c29c0 (webtiles) character file.

82079 junb69 the Impaler (level 15, -1/129 HPs)
             Began as a Merfolk Gladiator on Aug 26, 2016.
             Was a High Priest of Makhleb.
             Slain by an orc knight
             ... wielding a +2 bardiche
              (10 damage)
             ... on level 15 of the Dungeon on Aug 27, 2016.
             The game lasted 02:08:11 (34876 turns).

junb69 the Impaler (Merfolk Gladiator)             Turns: 34876, Time: 02:08:12

Health: -1/129     AC: 13    Str: 20    XL:     15   Next: 72%
Magic:  19/19      EV: 20    Int:  9    God:    Makhleb [*****.]
Gold:   1552       SH:  2    Dex: 17    Spells: 0 memorised, 14 levels left

rFire  . . .     SeeInvis .     o - +3 bardiche
rCold  . . .     Gourm    .     x - +0 scale mail
rNeg   . . .     Faith    .     (shield currently unavailable)
rPois  +         Spirit   .     c - +1 helmet
rElec  .         Dismiss  .     E - +0 cloak
rCorr  +         Reflect  +     (no gloves)
MR     +....     Harm     .     (no boots)
Stlth  ..........               q - +2 amulet of reflection
                                y - ring of poison resistance
                                l - ring of resist corrosion

@: slowed, very slow
A: change form in water, swift swim, stealthy swim, strong 1
a: Minor Destruction, Lesser Servant of Makhleb, Major Destruction, Greater
Servant of Makhleb, Renounce Religion


You were on level 15 of the Dungeon.
You worshipped Makhleb.
Makhleb was extremely pleased with you.
You were hungry.

You visited 4 branches of the dungeon, and saw 23 of its levels.
You also visited: Ossuary and Bailey.

You collected 2619 gold pieces.
You spent 1067 gold pieces at shops.

Inventory:

Hand Weapons
 d - a +3 glaive
 o - a +3 bardiche (weapon)
Armour
 c - a +1 helmet (worn)
 x - a +0 scale mail (worn)
 E - a +0 cloak (worn)
Jewellery
 l - a ring of resist corrosion (left hand)
 q - a +2 amulet of reflection (around neck)
 y - a ring of poison resistance (right hand)
 N - a +3 ring of intelligence
Wands
 a - a wand of random effects (23/48)
 B - a wand of flame (2/48)
 D - a wand of teleportation (4/9)
 I - a wand of digging (9/24)
 J - a wand of teleportation (4/9)
Scrolls
 g - 13 scrolls of remove curse
 m - 3 scrolls of recharging
 n - a scroll of amnesia
 p - 2 scrolls of teleportation
 u - a scroll of enchant armour
 w - 2 scrolls of fog
 z - 5 scrolls of immolation
 F - 9 scrolls of fear
 P - a scroll of holy word
 Q - 3 scrolls of magic mapping
Potions
 b - 5 potions of flight
 e - a potion of cancellation
 h - 2 potions of ambrosia
 i - a potion of experience {unknown}
 k - a potion of cure mutation {unknown}
 s - 4 potions of curing
 t - 3 potions of lignification {unknown}
 v - a potion of resistance {unknown}
 A - 2 potions of brilliance
 G - 3 potions of agility
 L - 5 potions of haste
Books
 C - a book of Callings

   Spells                             Type                      Level
   a - Summon Small Mammal            Summoning                    1
   b - Call Imp                       Summoning                    2
   c - Call Canine Familiar           Summoning                    3
   d - Summon Guardian Golem          Hexes/Summoning              3
   e - Summon Lightning Spire         Summoning/Air                4
   f - Summon Ice Beast               Ice/Summoning                4
Comestibles
 f - 16 bread rations
 r - 3 meat rations
 K - 11 slices of pizza
 S - a beef jerky


   Skills:
 - Level 15.6 Fighting
 - Level 16.8 Polearms
 - Level 2.0 Throwing
 - Level 11.4 Armour
 - Level 15.5 Dodging
 * Level 6.5 Invocations


You had 14 spell levels left.
You didn't know any spells.

Dungeon Overview and Level Annotations

Branches:
Dungeon (15/15)            Temple (1/1) D:4            Lair (5/6) D:11
 Shoals (0/4) Lair:3        Snake (0/4) Lair:2          Orc (2/2) D:9
    Elf (0/3) Orc:2        Vaults (0/5) D:13
  Slime: Lair:5-6    Depths: D:15

Altars:
Ashenzari
Cheibriados
Dithmenos
Elyvilon
Fedhas
Gozag
Hepliaklqana
Kikubaaqudgha
Makhleb
Nemelex Xobeh
Okawaru
Qazlal
Ru
Sif Muna
Trog
Uskayaw
Vehumet
Xom
Yredelemnul
Zin
The Shining One

Shops:
D:8 *[   D:12 =   D:13 *   D:14 =   Orc:2 *}?(

Portals:
Pandemonium: Orc:2

Annotations:
D:15 exclusion: Roxanne, Nessos, Roxanne


Innate Abilities, Weirdness & Mutations

You revert to your normal form in water.
You are very nimble and swift while swimming.
You are very stealthy in the water.
Your muscles are strong. (Str +2)


Message History

The orc shouts!
The wizard barely misses you.
The orc wizard mumbles some strange words.
The orc wizard blinks!
The wizard points at you and mumbles some strange words.
The bolt of cold hits you!
* * * LOW HITPOINT WARNING * * *
The orc wizard casts a spell.
The orc wizard blinks!
The wizard hits you with a dagger.
* * * LOW HITPOINT WARNING * * *
The orc wizard gestures wildly while chanting.
The orc wizard flickers and vanishes!
Deactivating autopickup; reactivate with Ctrl-A.
The wizard casts a spell at you. The bolt of cold misses you.
Okay, then.
As you read the scroll of summoning, it crumbles to dust.
Wisps of shadow whirl around you... The wizard closely misses you.
The orc knight hits you from afar with an enchanted bardiche!
You die...

########......#..........#
.........######..........###
###'#.##.######.............
##....##.#................
.'....##†#........#....#
##....##'#........#...o####.
##....#...#####...'.........
.'....'...# ######o..#####.
##....#...# #uZ@poW#.#
.#....#...####x####.#.#
##... #...'.........#.# .#..
#...##..........# .###
#...##.#.######+# .#
#...##.#.# .# #...##u# # .#
#...##.# .# #...##u#


You could see an orc knight, a wizard, a wraith, an orc warrior, a friendly red
ugly thing, a friendly unseen horror (invisible) and a friendly harpy skeleton.

Vanquished Creatures
  Agnes (D:15)
  A stone giant (Orc:2)
  Azrael (Orc:1)
  Erolcha (Orc:2)
  Fannar (D:12)
  Harold (D:11)
  A vault guard (D:13)
  A hydra (Lair:5)
  2 catoblepae
  5 centaur warriors
  5 death yaks
  3 orc high priests
  A sun demon (Orc:2)
  A soul eater (Orc:2)
  3 unseen horrors
  4 orc knights
  A gelid demonspawn (Orc:1)
  2 infernal demonspawn (Orc:2)
  A torturous demonspawn (Orc:2)
  An ugly thing (D:11)
  Pikel (D:6)
  A salamander (D:15)
  8 hill giants
  2 griffons
  A wolf spider zombie (D:14)
  2 cyclopes (D:13)
  7 orc sorcerers
  A manticore (D:11)
  11 elephants
  3 black mambas
  A siren (Lair:3)
  An ice statue (Lair:3)
  4 gargoyles
  8 spiny frogs
  A rime drake (Lair:4)
  6 komodo dragons
  An efreet (D:11)
  An ice devil (Lair:3)
  2 merfolk (Lair:3)
  A red devil (Orc:2)
  4 tengu conjurers
  A polar bear (Lair:5)
  The ghost of Torax the Poker, an amateur DrAK of Lugonu (Ossuary)
  A wolf spider simulacrum (D:15)
  3 trolls
  A jumping spider (shapeshifter) (D:13)
  The ghost of Multipenetrator the Shield-Bearer, an amateur FoSk (D:4)
  A two-headed ogre (D:12)
  11 blink frogs
  2 slime creatures
  6 dream sheep (Lair:2)
  Sigmund (D:6)
  3 wyverns
  6 humans
  3 wraiths
  A shadow (D:15)
  A spriggan (shapeshifter) (D:14)
  10 yaks
  3 fire elementals
  4 hogs (D:11)
  A chaos spawn (Orc:2)
  5 hungry ghosts
  A steam dragon (D:12)
  8 hippogriffs
  3 basilisks
  Edmund (D:6)
  4 nagas (Lair:2)
  3 hell hounds
  4 wargs
  A soldier ant (D:13)
  Duvessa (D:6)
  6 water moccasins
  7 porcupines
  42 orc warriors
  2 slaves (D:6)
  10 ice beasts
  6 sky beasts
  2 black bears
  15 ogres
  2 eyes of draining
  10 centaurs
  2 necrophages
  3 phantoms
  13 wolves
  7 crocodiles
  2 gnoll sergeants (D:6)
  6 big kobolds
  Blork the orc (D:4)
  16 giant frogs
  Dowan (D:6)
  8 scorpions
  2 wyvern skeletons
  9 killer bees
  8 wights
  4 electric eels
  3 howler monkeys
  5 crimson imps
  3 giant frog zombies
  2 quasits
  3 centaur zombies
  6 jellies
  15 hounds
  19 orc wizards
  30 orc priests
  4 centaur skeletons
  3 giant frog skeletons
  8 iguanas
  14 worker ants
  A killer bee zombie (D:8)
  A hound skeleton (D:7)
  A mummy (Ossuary)
  38 gnolls
  14 adders
  41 river rats
  4 shadow imps
  A white imp (Lair:3)
  2 oozes
  An adder zombie (D:9)
  2 worms
  4 dart slugs
  6 giant geckos
  98 orcs
  7 giant cockroaches
  A gnoll zombie (D:4)
  15 goblins
  23 hobgoblins
  13 jackals
  3 quokkas
  17 bats
  A giant cockroach zombie (D:5)
  2 giant gecko skeletons (D:8)
  5 giant newts
  7 gnoll skeletons (Ossuary)
  2 jackal zombies
  29 kobolds
  8 kobold skeletons (Ossuary)
  10 orc skeletons (Ossuary)
  A quokka skeleton (D:4)
  16 rats
869 creatures vanquished.

Vanquished Creatures (collateral kills)
  Rupert (D:13)
  3 hydras
  A death yak (Lair:4)
  An orc high priest (Orc:2)
  2 orc sorcerers (Orc:2)
  2 orc knights
  An elephant (Lair:3)
  A siren (Lair:3)
  An orange demon (Orc:2)
  A freezing wraith (D:13)
  A polar bear (Lair:3)
  A merfolk (Lair:3)
  A chaos spawn (Orc:2)
  A warg (Orc:1)
  3 orc warriors
  A hell hound (Orc:1)
  A centaur (D:12)
  A giant frog zombie (D:12)
  3 orc wizards
  A giant frog skeleton (D:9)
  An orc priest (D:13)
  A river rat (Lair:3)
  A white imp (Lair:3)
  5 orcs
36 creatures vanquished.

Vanquished Creatures (others)
  2 slaves (D:6)
  A big kobold (D:6)
  A gnoll (D:6)
  A hobgoblin (D:6)
  3 bushes (Lair:1)
  5 fungi
  6 plants
19 creatures vanquished.

Grand Total: 924 creatures vanquished

Notes
Turn   | Place    | Note
-------+----------+-------------------------------------------
     0 | D:1      | junb69 the Merfolk Gladiator began the quest for the Orb.
     0 | D:1      | Reached XP level 1. HP: 16/16 MP: 1/1
   156 | D:1      | Reached XP level 2. HP: 23/23 MP: 2/2
   791 | D:2      | Reached skill level 5 in Polearms
   861 | D:2      | Reached XP level 3. HP: 26/29 MP: 3/3
  1172 | D:2      | Reached XP level 4. HP: 27/35 MP: 4/4
  1294 | D:2      | Reached skill level 6 in Polearms
  1720 | D:2      | Found a blossoming altar of Fedhas.
  2070 | D:3      | Noticed an orc warrior
  2292 | D:3      | Reached XP level 5. HP: 42/42 MP: 5/5
  2869 | D:3      | Killed an orc warrior
  2869 | D:3      | Reached skill level 5 in Fighting
  2869 | D:3      | Reached skill level 7 in Polearms
  2869 | D:3      | Reached XP level 6. HP: 51/51 MP: 4/6
  3407 | D:4      | Reached skill level 8 in Polearms
  3414 | D:4      | Noticed Blork the orc
  3477 | D:4      | Found a sand-covered staircase.
  3674 | D:4      | Killed Blork the orc
  3674 | D:4      | Reached XP level 7. HP: 57/58 MP: 7/7
  3685 | D:4      | Noticed Multipenetrator's ghost (amateur FoSk)
  3815 | Ossuary  | Entered an ossuary
  3815 | Ossuary  | Noticed a wraith
  3815 | Ossuary  | Noticed a wraith
  3815 | Ossuary  | Noticed a wraith
  3822 | Ossuary  | Noticed Torax's ghost (amateur DrAK)
  3830 | Ossuary  | Killed Torax's ghost
  3830 | Ossuary  | Reached skill level 9 in Polearms
  3837 | Ossuary  | Gained mutation: Your muscles are strong. (Str +2) [potion of beneficial mutation]
  4332 | Ossuary  | Noticed a wraith
  4370 | Ossuary  | Killed a wraith
  4370 | Ossuary  | Reached skill level 10 in Polearms
  4370 | Ossuary  | Reached XP level 8. HP: 67/67 MP: 8/8
  4514 | D:4      | Killed Multipenetrator's ghost
  4514 | D:4      | Reached skill level 5 in Dodging
  4543 | D:4      | Found a staircase to the Ecumenical Temple.
  4561 | Temple   | Entered the Ecumenical Temple
  4573 | Temple   | Became a worshipper of Makhleb the Destroyer
  4988 | D:5      | Entered Level 5 of the Dungeon
  5048 | D:5      | Found a hazy altar of Hepliaklqana.
  5824 | D:5      | Reached XP level 9. HP: 64/75 MP: 9/9
  6066 | D:6      | Reached * piety under Makhleb
  6165 | D:6      | Reached skill level 10 in Fighting
  6288 | D:6      | Noticed Sigmund
  6291 | D:6      | Killed Sigmund
  6291 | D:6      | Reached skill level 1 in Armour
  6432 | D:6      | Noticed Edmund
  6453 | D:6      | Killed Edmund
  6456 | D:6      | Reached skill level 10 in Dodging
  6519 | D:6      | Noticed Duvessa
  6520 | D:6      | Noticed Dowan
  6553 | D:6      | Killed Duvessa
  6555 | D:6      | Killed Dowan
  6600 | D:6      | Reached XP level 10. HP: 71/85 MP: 10/10
  6812 | D:6      | Noticed Pikel
  6832 | D:6      | Killed Pikel
  7739 | D:6      | Reached ** piety under Makhleb
  7965 | D:6      | Found a sacrificial altar of Ru.
  7972 | D:6      | Found a basalt altar of Yredelemnul.
  7976 | D:6      | Found an opulent altar of Gozag.
  7983 | D:6      | Found a hide-covered altar of Uskayaw.
  8209 | D:6      | Found an iron altar of Okawaru.
  8214 | D:6      | Found a white marble altar of Elyvilon.
  8236 | D:6      | Found a sparkling altar of Nemelex Xobeh.
  8247 | D:6      | Identified a scroll of acquirement
  8326 | D:6      | Upgraded the game from 0.19-a0-1238-gee6bd96 to 0.19-a0-1254-gb9c29c0
  8346 | D:7      | Found a shimmering altar of Xom.
  8407 | D:7      | Reached skill level 11 in Polearms
  8510 | D:7      | Found a flagged portal.
  8520 | Bailey   | Entered a bailey
  8569 | Bailey   | Reached *** piety under Makhleb
  8620 | Bailey   | Noticed an orc knight
  8835 | Bailey   | Killed an orc knight
  8835 | Bailey   | Reached skill level 5 in Armour
  9186 | D:7      | Found a shimmering altar of Xom.
  9188 | D:7      | Found a shimmering altar of Xom.
  9193 | D:7      | Found a shimmering altar of Xom.
  9193 | D:7      | Found a shimmering altar of Xom.
  9195 | D:7      | Found a shimmering altar of Xom.
  9195 | D:7      | Found a shimmering altar of Xom.
  9365 | D:7      | Found a shimmering altar of Xom.
  9370 | D:7      | You fall through a shaft for 3 floors!
  9370 | D:10     | Entered Level 10 of the Dungeon
  9497 | D:10     | Noticed a gargoyle
  9536 | D:9      | Reached skill level 12 in Polearms
  9596 | D:9      | Reached XP level 11. HP: 62/92 MP: 11/11
  9869 | D:9      | Reached **** piety under Makhleb
 10062 | D:9      | Found a staircase to the Orcish Mines.
 10181 | D:8      | Found Ruodiep's Armour Emporium.
 10202 | D:8      | Bought a +0 cloak for 58 gold pieces
 10545 | D:8      | Reached skill level 13 in Polearms
 10738 | D:8      | Found Umuifits's Assorted Antiques.
 10743 | D:8      | Bought a translucent scythe for 208 gold pieces
 10743 | D:8      | Identified the +9 scythe of Mayhem {drain, +Blink} (You bought it in a shop on level 8 of the Dungeon)
 10915 | D:8      | Got a shadowed robe
 10917 | D:8      | Identified the cursed +0 robe "Ulletub" {rPois MP+9 Dex+3} (You found it on level 8 of the Dungeon)
 11477 | D:9      | Reached ***** piety under Makhleb
 13685 | D:11     | Noticed a manticore
 13687 | D:11     | Noticed Harold
 13696 | D:11     | Killed a manticore
 13704 | D:11     | Killed Harold
 13704 | D:11     | Reached XP level 12. HP: 100/100 MP: 12/12
 13756 | D:11     | Found a staircase to the Lair.
 14273 | D:11     | Reached skill level 1 in Invocations
 14743 | Lair:1   | Entered Level 1 of the Lair of Beasts
 16095 | Lair:1   | Noticed a seven-headed hydra
 16564 | Lair:2   | Found a staircase to the Snake Pit.
 16962 | Lair:2   | Reached XP level 13. HP: 109/109 MP: 15/15
 16968 | Lair:2   | Reached ****** piety under Makhleb
 18178 | Lair:3   | Reached skill level 10 in Armour
 18758 | Lair:3   | Found a staircase to the Shoals.
 21015 | Lair:4   | Found a shimmering altar of Xom.
 21102 | Lair:3   | Reached skill level 14 in Polearms
 22005 | Lair:4   | Reached XP level 14. HP: 119/119 MP: 16/16
 22752 | Lair:5   | Reached skill level 5 in Invocations
 23734 | Orc:1    | Entered Level 1 of the Orcish Mines
 24681 | Orc:2    | Entered Level 2 of the Orcish Mines
 24681 | Orc:2    | Noticed Azrael
 24764 | Orc:2    | Found a staircase to the Elven Halls.
 25199 | Orc:2    | Noticed Erolcha
 25222 | Orc:2    | Killed Erolcha
 25350 | Orc:1    | Killed Azrael
 26231 | Orc:2    | Found a bloodstained altar of Trog.
 26507 | Orc:2    | Found Honut's General Store.
 26509 | Orc:2    | Found Horchaan's Magic Scroll Emporium.
 26787 | Orc:2    | Bought a scroll of enchant weapon for 82 gold pieces
 27486 | Orc:2    | Paralysed by an orc sorcerer for 3 turns
 27545 | Orc:2    | Noticed a stone giant
 27562 | Orc:2    | Killed a stone giant
 27562 | Orc:2    | Reached skill level 15 in Polearms
 29126 | Orc:2    | Reached XP level 15. HP: 122/127 MP: 19/19
 29129 | Orc:2    | Found Qeabo's Antique Weapon Shop.
 29129 | Orc:2    | Found Cieze's Gadget Boutique.
 29129 | Orc:2    | Found a one-way gate leading to the halls of Pandemonium.
 29182 | Orc:2    | Bought a potion of heal wounds for 75 gold pieces
 29184 | Orc:2    | Bought 3 scrolls of enchant weapon for 247 gold pieces
 29548 | D:12     | Noticed Fannar
 29571 | D:12     | Killed Fannar
 29841 | D:12     | Found Yqadacesk's Jewellery Shop.
 29868 | D:12     | Bought an uncursed ring of poison resistance for 300 gold pieces
 30594 | D:13     | Found Jeuxuw's General Store.
 30602 | D:13     | Bought a scroll of blinking for 97 gold pieces
 30652 | D:13     | Reached skill level 15 in Fighting
 30973 | D:13     | Reached skill level 16 in Polearms
 31137 | D:13     | Found a gate to the Vaults.
 31174 | D:13     | Reached skill level 15 in Dodging
 31259 | D:13     | Noticed Rupert
 31275 | D:13     | Killed Rupert
 32057 | D:14     | Found Acsepn's Jewellery Shoppe.
 32649 | D:14     | Found a deep blue altar of Sif Muna.
 32818 | D:15     | Entered Level 15 of the Dungeon
 32836 | D:15     | Noticed Nessos
 33155 | D:15     | Noticed Roxanne
 33216 | D:15     | HP: 5/129 [Nessos/arrow (8)]
 33691 | D:15     | Noticed Agnes
 33699 | D:15     | Killed Agnes
 34876 | D:15     | Slain by an orc knight

Vault maps used:
D:1:      dpeg_arrival_prison
D:2:      old_standard_altar, minmay_pentomino_p2
D:3:      amethyst_killhole, grunt_decor_mini_mirrors
D:4:      enter_ossuary_3, hangedman_abyss_or_decor_lesser_grid,
          uniq_blork_the_orc
D:5:      lemuel_crystal_altar, first_bread
D:6:      kennysheep_housing_project, grunt_temple_overflow_octagram,
          minmay_ruffians, uniq_edmund, uniq_pikel, uniq_sigmund, uniq_duvessa
D:7:      enter_bailey_3, minmay_misc_feat_rows, xom_redecorated
D:8:      minmay_imperfect_grid, serial_shops, shop, kennysheep_little_box
D:9:      orc_0_dummy
D:11:     grunt_lair_entry_orc_guard_hut, grunt_livestock, uniq_harold
D:12:     serial_shops, shop, special_room, uniq_fannar
D:13:     minmay_tri_box, david_vaults_5, serial_shops, nicolae_shop_trees,
          uniq_rupert
D:14:     serial_shops, shop, infiniplex_staircase_pool_2, lemuel_tele_altar
D:15:     hangedman_depths_entry_try_elsewhere_first,
          minmay_misc_feat_nine_boxes, uniq_roxanne, uniq_agnes, uniq_nessos
Temple:   nicolae_temple_no_exploring_needed
Lair:1:   minmay_hedge_maze, infiniplex_staircase_pool, grunt_megastairs_2,
          serial_bayou_shore_a
Lair:2:   minmay_snake_entry_guardpost_small, grunt_megastairs_1,
          serial_bayou_shore_b, lemuel_fruit_fields, serial_bayou_shore_b
Lair:3:   elwin_shoals_entry_stream, ice2_lemuel, grunt_megastairs_5
Lair:4:   basic_altar, serial_bayou_pond_c, serial_bayou_pond_d
Lair:5:   grunt_megastairs_4
Orc:2:    pf_orc_diabolical, basic_altar, uniq_azrael, uniq_erolcha
Ossuary:  ossuary_due_mausoleum
Bailey:   bailey_axe_2, bailey

Skill      XL: |  1  2  3  4  5  6  7  8  9 10 11 12 13 14 15 |
---------------+----------------------------------------------+-----
Fighting       | 3 4 5 6 7 8 10 11 12 13 14 15 | 15.6
Polearms       | 5 6 7 8 10 12 13 14 15 16 | 16.8
Dodging        | 7 10 11 12 14 15 | 15.5
Armour         | 2 5 7 8 10 11 | 11.4
Invocations    | 3 5 6 |  6.5
Throwing       | |  2.0

Action                   |  1- 3 |  4- 6 |  7- 9 | 10-12 | 13-15 || total
-------------------------+-------+-------+-------+-------+-------++-------
Melee: Trident           |   111 |   261 |    71 |       |       ||   443
       Glaive            |       |       |   237 |   968 |  1226 ||  2431
       Scythe            |       |       |       |   104 |       ||   104
       Tailslap          |       |       |       |     4 |    26 ||    30
       Bardiche          |       |       |       |       |   437 ||   437
Throw: Throwing net      |     3 |     6 |     3 |     5 |     1 ||    18
Invok: Lesser Servant of |       |       |       |     1 |    41 ||    42
Evoke: Wand              |       |       |       |     8 |    13 ||    21
       Sack of spiders   |       |       |       |     1 |     1 ||     2
       Phantom mirror    |       |       |       |       |     1 ||     1
  Use: Potion            |     1 |     3 |     5 |     9 |    12 ||    30
       Scroll            |       |    10 |    13 |    13 |    18 ||    54
 Stab: Sleeping          |     2 |       |       |       |       ||     2
       Held in net/web   |       |     3 |     1 |     5 |       ||     9
       Petrified         |       |       |       |       |     9 ||     9
       Distracted        |       |       |       |       |    13 ||    13
  Eat: Chunk             |     1 |     7 |     6 |    27 |    29 ||    70
       Pizza             |       |     1 |       |       |     1 ||     2
       Beef jerky        |       |       |     1 |     2 |     3 ||     6
       Bread ration      |       |       |     1 |     1 |     1 ||     3
       Fruit             |       |       |       |     2 |    10 ||    12
       Meat ration       |       |       |       |       |     2 ||     2
       Royal jelly       |       |       |       |       |     1 ||     1
Armor: Leather armour    |    12 |       |       |       |       ||    12
       Ring mail         |     6 |    97 |    54 |    95 |       ||   252
       Scale mail        |       |       |       |   154 |   431 ||   585
Dodge: Dodged            |    65 |   160 |   177 |   910 |  1493 ||  2805
Block: Other             |       |       |     8 |    51 |   104 ||   163
       Reflection        |       |       |       |     2 |     3 ||     5
